 Dungeon Crawl Stone Soup version 0.30-a0-373-gd37427bb62 (webtiles) character file.

Game seed: 8443831678160915090

113 greenreed the Sneak (level 5, -6/29 HPs)
             Began as a Kobold Enchanter on Nov 24, 2022.
             Was a Follower of Uskayaw.
             Killed by divine providence
             ... invoked by an orc priest
              (15 damage)
             ... on level 4 of the Dungeon.
             The game lasted 00:06:35 (3101 turns).

greenreed the Sneak (Kobold Enchanter)              Turns: 3101, Time: 00:06:37

Health: -6/29      AC:  6    Str:  8    XL:     5   Next: 17%
Magic:  8/8        EV: 15    Int: 16    God:    Uskayaw [*.....]
Gold:   192        SH:  0    Dex: 15    Spells: 0/8 levels left

rFire   . . .      SeeInvis +    g - +2 dagger (venom)
rCold   . . .      Faith    .    (no shield)
rNeg    . . .      Spirit   .    b - +0 robe
rPois   .          Reflect  .    (no helmet)
rElec   .          Harm     .    i - +2 cloak
rCorr   .          Rampage  .    m - +0 pair of gloves
Will    .....                    (no boots)
Stlth   ++++......               (no amulet)
HPRegen 0.24/turn                o - ring of see invisible
MPRegen 0.11/turn                t - ring of wizardry

@: no status effects
A: small, no large weapons, nightstalker 3
a: Renounce Religion, Stomp


You were on level 4 of the Dungeon.
You worshipped Uskayaw.
Uskayaw was noncommittal.
You visited 1 branch of the dungeon, and saw 4 of its levels.

You collected 192 gold pieces.

Inventory:

Hand Weapons
 a - a +1 dagger
 g - a +2 dagger of venom (weapon)
Armour
 b - a +0 robe (worn)
 i - a +2 cloak (worn)
 m - a +0 pair of gloves (worn)
 x - an orb of energy
Jewellery
 o - a ring of see invisible (left hand)
 t - a ring of wizardry (right hand)
Wands
 v - a wand of flame (9)
Scrolls
 f - 2 scrolls of teleportation {unknown}
 h - 3 scrolls of poison {unknown}
 j - a scroll of vulnerability {unknown}
 p - 4 scrolls of identify {unknown}
 q - a scroll of fear {unknown}
 r - a scroll of blinking {unknown}
 s - a scroll of immolation {unknown}
 u - a scroll of amnesia {unknown}
Potions
 c - 2 potions of invisibility
 d - 2 potions of brilliance {unknown}
 k - 2 potions of flight {unknown}
 l - a potion of curing {unknown}
 n - a potion of might {unknown}
 w - 2 potions of heal wounds {unknown}


   Skills:
 * Level 1.4 Fighting
 * Level 3.0 Short Blades
 + Level 2.6 Dodging
 + Level 5.4 Stealth
 * Level 2.4 Spellcasting
 * Level 3.6 Hexes


You couldn't memorise any spells.
You knew the following spells:

 Your Spells              Type           Power      Damage    Failure   Level
a - Ensorcelled Hibernat  Hex/Ice        14%        N/A       6%          2
b - Confusing Touch       Hex            13%        N/A       5%          3
c - Dazzling Flash        Conj/Hex       14%        N/A       12%         3

Your spell library contained the following spells:

 Spells                   Type           Power      Damage    Failure   Level
 Tukima's Dance           Hex            13%        N/A       5%          3
 Magic Dart               Conj           4%         1d3       9%          1
 Sandblast                Erth           2%         2d4       9%          1
 Summon Small Mammal      Summ           4%         N/A       9%          1
 Passwall                 Tmut/Erth      0%         N/A       12%         2
 Searing Ray              Conj           2%         2d4       12%         2
 Summon Guardian Golem    Hex/Summ       7%         N/A       12%         3
 Call Canine Familiar     Summ           1%         N/A       24%         3
 Stone Arrow              Conj/Erth      2%         3d7       24%         3
 Fulminant Prism          Conj/Hex       3%         3d5       34%         4


Dungeon Overview and Level Annotations

Branches:
Dungeon (4/15)
 Temple: D:4-7

Altars:
Elyvilon
Gozag
Nemelex Xobeh
Okawaru
Ru
Uskayaw


Innate Abilities, Weirdness & Mutations

You are small and have problems with some larger weapons.
You are completely attuned to the shadows.


Message History

There is an open door here.
You now have 192 gold pieces (gained 11).
As you open the door, it creaks loudly!
There is an open door here.
You open the door.
There is an open door here.
There is an open door here.
You open the door.
There is an open door here.
There is an open door here.
There is an open door here.
You open the door.
A dart slug comes into view.
A dart slug is nearby!
There is an open door here.
The helpless dart slug fails to defend itself.
You impale the dart slug!!
You kill the dart slug!
No target in view!
You pick up a book of Conjurations and begin reading...
You add the spells Magic Dart, Searing Ray and Fulminant Prism to your library.
An orc priest comes into view. It is wielding a +0 club.
An orc comes into view. It is wielding a +0 trident.
You closely miss the orc priest. The orc priest hits you with a +0 club.
You barely miss the orc priest.
The orc priest calls down the wrath of Beogh upon you.
Beogh smites you!
Ouch! That really hurt!
The orc shouts!
You hear a shout!
You are too injured to fight recklessly!
You hit the orc priest. Your punch misses the orc priest.
The orc priest is lightly wounded.
You hit the orc priest.
The orc priest is poisoned.
The orc priest is moderately wounded.
An orc comes into view. It is wielding a +0 hand axe.
An orc comes into view. It is wielding a +0 club.
The orc priest mumbles some strange prayers to Beogh against you.
Beogh smites you!
Ouch! That really hurt!
You die...

.......# .......#
##...### ###### ##...#
#....# .....#
...o.o.#...## .....#
.....o.#...# .....#
.......#...# .....#
....o..#..## .....#
....@..#...# ##...#
###..###+#.#
##...##########..###...#
..............#........#
...>...<......#.......##
..............#........#
#..####..##..##..##.†.##
#..####..##########'####
'.........'............#


You could see an orc priest (very poisoned) and 3 orcs.

Vanquished Creatures
  An orc wizard (D:3)
  3 adders
  2 worms
  4 dart slugs
  3 orcs (D:3)
  5 bats
  5 endoplasms
  4 goblins
  4 jackals (D:4)
  4 kobolds
  2 quokkas
  3 ball pythons
  A frilled lizard (D:3)
  3 rats
  2 bushes (D:2)
46 creatures vanquished.

Notes
Turn   | Place    | Note
-------+----------+-------------------------------------------
     0 | D:1      | greenreed the Kobold Enchanter began the quest for the Orb.
     0 | D:1      | Reached XP level 1. HP: 10/10 MP: 3/3
   306 | D:1      | Reached XP level 2. HP: 16/16 MP: 5/5
   319 | D:1      | Found a faded altar of an unknown god.
   595 | D:1      | Reached XP level 3. HP: 20/20 MP: 6/6
   637 | D:2      | Found an opulent altar of Gozag.
   698 | D:2      | Reached skill level 1 in Fighting
   770 | D:2      | Learned a level 2 spell: Ensorcelled Hibernation
   774 | D:2      | Learned a level 3 spell: Confusing Touch
  1077 | D:2      | Reached XP level 4. HP: 25/25 MP: 7/7
  1082 | D:2      | Reached skill level 5 in Stealth
  1613 | D:3      | Reached XP level 5. HP: 19/29 MP: 8/8
  1989 | D:3      | Found a hide-covered altar of Uskayaw.
  1996 | D:3      | Became a worshipper of Uskayaw the Reveller
  2621 | D:4      | Reached * piety under Uskayaw
  2671 | D:4      | Learned a level 3 spell: Dazzling Flash
  2855 | D:4      | Found an iron altar of Okawaru.
  2856 | D:4      | Found a white marble altar of Elyvilon.
  2856 | D:4      | Found a sacrificial altar of Ru.
  2857 | D:4      | Found a sparkling altar of Nemelex Xobeh.
  3101 | D:4      | Killed from afar by an orc priest

Illustrated notes

Levels and vault maps discovered:
D:1:      scummos_arrival_hexagon, layout_rooms,
          hellmonk_ecumenical_altar_zigzags
D:2:      layout_rooms, basic_altar, serial_forest,
          infiniplex_forest_clump_curved, infiniplex_forest_end_2,
          infiniplex_forest_pool, infiniplex_forest_clump_C,
          infiniplex_forest_lined_ring, infiniplex_forest_straight_4,
          infiniplex_forest_lined_2, infiniplex_forest_clump_large
D:3:      layout_loops_corners, nicolae_uskayaw_suspiria,
          kennysheep_generic_room_9
D:4:      layout_gridville, chequers_temple_overflow_statue_of_worship,
          minmay_crystal_room, feat_on_display

Skill      XL: |  1  2  3  4  5 |
---------------+----------------+-----
Fighting       | 1 |  1.4
Short Blades   | 2 3 |  3.0
Stealth        | 5 |  5.4
Dodging        | |  2.6
Spellcasting   | |  2.4
Hexes          | |  3.6

Action                   |  1- 3 |  4- 6 || total
-------------------------+-------+-------++-------
Melee: Dagger            |    47 |   161 ||   208
       Punch             |     1 |     5 ||     6
 Stab: Sleeping          |    13 |    10 ||    23
Armor: Robe              |     8 |    11 ||    19
Dodge: Dodged            |    21 |    39 ||    60

Table legend: (Time is in decaauts)
 A = Elapsed time spent in this place.
 B = Non-inter-level travel time spent in this place.
 C = Inter-level travel time spent in this place.
 D = Time resting spent in this place.
 E = Time spent auto-exploring this place.
 F = Levels seen in this place.
 G = Mean time per level.
                   A        B        C        D        E       F      G
               +--------+--------+--------+--------+--------+-----+--------+
         Total |   3075 |   2950 |    125 |      0 |   2511 |   4 |  768.8 |
       Dungeon |   3075 |   2950 |    125 |      0 |   2511 |   4 |  768.8 |
               +--------+--------+--------+--------+--------+-----+--------+

Top non-repeatable levels by time:
     D:3: 1081 daAuts
     D:4: 690 daAuts
     D:2: 670 daAuts
     D:1: 633 daAuts
